 Dungeon Crawl Stone Soup version 0.30-a0-457-g4b7bca3bfa (webtiles) character file.

Game seed: 1581025519386378518

20091 Jackthecabe the Zephyrmancer (level 12, -6/121 HPs)
             Began as a Demigod Conjurer on Dec 12, 2022.
             Mangled by a death scarab (15 damage)
             ... in a Gauntlet.
             The game lasted 00:44:01 (16482 turns).

Jackthecabe the Zephyrmancer (Demigod Conjurer)    Turns: 16482, Time: 00:44:02

Health: -6/121     AC: 26    Str:  8    XL:     12   Next: 14%
Magic:  0/23       EV:  2    Int: 36    God:
Gold:   536        SH:  7    Dex: 21    Spells: 2/21 levels left

rFire   . . .      SeeInvis .    r - +4 whip "Vaghutid" {vorpal, *Corrode rElec rF+}
rCold   + . .      Faith    .    H - +1 buckler "Methuvet" {Rampage +Blink rN+ rCorr}
rNeg    + + .      Spirit   .    (body armour currently unavailable)
rPois   +          Reflect  .    (helmet currently unavailable)
rElec   +          Harm     .    (cloak currently unavailable)
rCorr   +          Rampage  +    (gloves currently unavailable)
Will    +....      NoTele   +    (boots currently unavailable)
Stlth   +++.......               U - amulet of regeneration
HPRegen 1.20/turn                J - ring "Tocwe Viebu" {rF- rC+ rN+ Dex+9}
MPRegen 0.18/turn                E - +4 ring of evasion

@: tree-form, hasted and slowed
A: stationary, stasis, torment immunity, boosted hp, high MP 1, forlorn, divine
attributes
a: Evoke Blink


You were in a Gauntlet.
You were a tree.
You visited 2 branches of the dungeon, and saw 12 of its levels.
You also visited: Gauntlet.

You collected 648 gold pieces.
You spent 112 gold pieces at shops.


Innate Abilities, Weirdness & Mutations

You are a tree.
Your roots penetrate the ground, keeping you stationary.
You cannot be teleported.
You are immune to unholy pain and torment.
Your maximum health is greatly increased.
Your equipment is partially melded.
You have an increased reservoir of magic. (+10% MP)
You shall have no god before yourself.
Your divine heritage dramatically boosts your attributes as you level up.


   Skills:
 - Level 1.7 Dodging
 - Level 4.7 Stealth
 - Level 5.0 Shields
 - Level 5.0 Spellcasting
 - Level 8.0 Conjurations
 - Level 6.0 Hexes
 + Level 4.3 Fire Magic
 - Level 8.0 Ice Magic
 - Level 8.0 Air Magic
 - Level 8.0 Poison Magic


You had 2 spell levels left.
You knew the following spells:

 Your Spells              Type           Power      Damage    Failure   Level
c - Freezing Cloud        Conj/Ice/Air   30%        6-21      4%          5
f - Fulminant Prism       Conj/Hex       28%        3d14      2%          4
m - Magic Dart            Conj           100%       1d8       1%          1
o - Olgreb's Toxic Radia  Pois           61%        N/A       1%          4
s - Searing Ray           Conj           100%       2d8       1%          2
X - Ignite Poison         Fire/Tmut/Pois 38%        N/A       2%          3

Your spell library contained the following spells:

 Spells                   Type           Power      Damage    Failure   Level
 Kiss of Death            Conj/Necr      100%       2d13      1%          1
 Slow                     Hex            100%       N/A       1%          1
 Sandblast                Erth           18%        2d7       4%          1
 Passwall                 Tmut/Erth      7%         N/A       8%          2
 Confusing Touch          Hex            51%        N/A       1%          3
 Dazzling Flash           Conj/Hex       100%       N/A       1%          3
 Kindle Blastsparks       Fire/Tloc/Air  76%        2d16      2%          3
 Stone Arrow              Conj/Erth      74%        3d11      2%          3
 Iskenderun's Mystic Bla  Conj/Tloc      37%        2d9       10%         4
 Summon Lightning Spire   Summ/Air       37%        N/A       10%         4
 Vampiric Draining        Necr           9%         2d6       14%         3
 Dispel Undead            Necr           9%         3d8       43%         4
 Summon Forest            Summ/Tloc      4%         N/A       80%         5
 Eringya's Noxious Bog    Tmut/Pois      18%        N/A       82%         6
 Ozocubu's Refrigeration  Ice            30%        4d14      83%         7
 Storm Form               Tmut/Air       18%        N/A       100%        7
 Summon Hydra             Summ           4%         N/A       100%        7
 Ignition                 Fire           20%        3d7       100%        8
 Maxwell's Capacitive Co  Air            30%        ∞         100%        8

Inventory:

Hand Weapons
 r - the +4 whip "Vaghutid" (weapon) {vorpal, *Corrode rElec rF+}
   (You found it on level 3 of the Dungeon)

   It inflicts extra damage upon your enemies.
   rF:        It protects you from fire.
   rElec:     It insulates you from electricity.
   *Corrode:  It may corrode you when you take damage.
Missiles
 d - a throwing net {=f}
 f - 3 curare-tipped darts {=f}
Armour
 k - the +4 moon troll leather armour (melded) {Spirit, Regen++ MP+5}
   (You found it on level 2 of the Dungeon)

   MP:        It affects your magic capacity (+5).
   Regen:     It increases your rate of health regeneration.
 q - a +0 robe of willpower
 w - a +0 cloak (melded)
 H - the +1 buckler "Methuvet" (worn) {Rampage +Blink rN+ rCorr}
   (You found it on level 8 of the Dungeon)

   rN:        It protects you from negative energy.
   +Blink:    It lets you blink.
   rCorr:     It protects you from acid and corrosion.
   Rampage:   It bestows one free step when moving towards enemies.
 M - a +0 pair of gloves (melded)
 N - a +2 hat of intelligence (melded)
Jewellery
 c - a ring of protection from cold
 v - a ring of see invisible
 C - a ring of ice
 E - a +4 ring of evasion (right branch)
 J - the ring "Tocwe Viebu" (left branch) {rF- rC+ rN+ Dex+9}
   (You found it on level 8 of the Dungeon)

   [ring of positive energy]

   Dex:       It affects your dexterity (+9).
   rF:        It makes you vulnerable to fire.
   rC:        It protects you from cold.
   rN:        It protects you from negative energy.
 P - a ring of poison resistance
 S - a +6 ring of strength
 U - an amulet of regeneration (around neck)
Wands
 b - a wand of quicksilver (8)
 y - a wand of iceblast (26)
 z - a wand of digging (11)
 F - a wand of flame (28)
 W - a wand of paralysis (4)
Scrolls
 a - a scroll of butterflies {unknown}
 e - a scroll of immolation
 i - a scroll of silence {unknown}
 j - 5 scrolls of fear
 l - 4 scrolls of teleportation {@r2}
 m - 6 scrolls of fog {unknown}
 n - a scroll of vulnerability {unknown}
 A - 2 scrolls of enchant weapon
 B - 4 scrolls of amnesia
 D - 2 scrolls of blinking {unknown}
 G - 2 scrolls of magic mapping
 R - a scroll of noise {unknown}
Potions
 g - 4 potions of lignification
 h - 4 potions of heal wounds {@q2}
 o - 2 potions of attraction {unknown}
 p - 4 potions of resistance
 t - 2 potions of haste {@q3}
 u - 2 potions of ambrosia {unknown}
 x - 3 potions of brilliance {unknown}
 I - a potion of invisibility {unknown}
 K - 3 potions of might
 O - 4 potions of mutation {unknown}
 T - 8 potions of curing {@q1}
 V - a potion of flight {unknown}
 X - a potion of cancellation {unknown}
Miscellaneous
 Q - a condenser vane

Dungeon Overview and Level Annotations

Branches:
Dungeon (11/15)            Temple (0/1) D:4            Lair (1/5) D:10
    Orc (0/2) D:10        Gauntlet (1/1)

Shops:
D:8 !

Annotations:
D:4 1 runed translucent door, Crazy Yiuf
Lair:1 1 runed translucent door, Rijiq's ghost, journeyman GrEE Gauntlet 5 transporters

▒▒≈....▒©..8▒.≈▒▒
▒≈≈.▒▒▒▒▒▒▒▒▒.≈≈▒
▒▒≈.▒.......▒.≈▒▒
▒▒.▒...Z...▒.▒▒
▒▒≈.▒.▓▓▒▓▓.▒.≈▒▒
▒≈≈.▒...©...▒.≈≈▒
▒▒≈.▒.▓▓▒▓▓.▒.≈▒▒
▒▒.▒.B.....▒.▒▒
▒▒≈.▒.B♣Z.).▒.≈▒▒
▒≈≈.▒▒▒▒▒▒▒▒▒.≈≈▒
▒▒≈...........≈▒▒
▒▒...........▒▒
▒≈...........≈▒
▒≈≈≈▒≈≈≈▒≈≈≈▒≈≈≈▒
▒▒≈▒▒▒≈▒▒▒≈▒▒▒≈▒▒
▒▒ ▒▒▒ ▒▒▒ ▒▒


You could see a spectral eight-headed hydra, a spectral torpor snail and 2 death
scarabs.


Message History

You rampage towards the death scarab!
You barely miss the death scarab. The death scarab bites you!!
* * * LOW HITPOINT WARNING * * *
The death scarab draws strength from your injuries!
The death scarab bites you!
* * * LOW HITPOINT WARNING * * *
The death scarab drains your vigour!
You feel as though you will be slow longer.
The death scarab draws strength from your injuries!
The death scarab misses you. x2
Really quaff the potion of lignification?
You turn into a tree.
Your +0 cloak melds into your body.
Your +2 hat of intelligence melds into your body.
Your +0 pair of gloves melds into your body.
The +4 moon troll leather armour {Spirit, Regen++ MP+5} melds into your body.
You feel stupid.
You feel strangely alone.
You feel your magic capacity decrease.
Your roots penetrate the ground.
The death scarab bites you!
* * * LOW HITPOINT WARNING * * *
The death scarab drains your vigour!
You feel as though you will be slow longer.
The death scarab draws strength from your injuries!
The death scarab bites you but does no damage.
The death scarab bites you!
* * * LOW HITPOINT WARNING * * *
The death scarab drains your vigour!
You feel as though you will be slow longer.
The death scarab draws strength from your injuries!
The death scarab bites you!
You die...

Skill      XL: |  1  2  3  4  5  6  7  8  9 10 11 12 |
---------------+-------------------------------------+-----
Spellcasting   | 2 3 5 |  5.0
Conjurations   | 4 5 6 7 8 |  8.0
Hexes          | 2 4 6 |  6.0
Ice Magic      | 1 4 7 8 |  8.0
Air Magic      | 1 4 7 8 |  8.0
Stealth        | 4 |  4.7
Shields        | 5 |  5.0
Poison Magic   | 7 8 |  8.0
Fire Magic     | 3 4 |  4.3
Dodging        | |  1.7

Action                   |  1- 3 |  4- 6 |  7- 9 | 10-12 || total
-------------------------+-------+-------+-------+-------++-------
Melee: Unarmed           |    11 |       |       |       ||    11
       Whip              |       |    17 |    71 |    66 ||   154
       Punch             |       |       |     2 |       ||     2
Throw: Dart              |       |       |       |     2 ||     2
 Cast: Magic Dart        |    47 |   139 |   168 |   112 ||   466
       Searing Ray       |     4 |     7 |    50 |    33 ||    94
       Fulminant Prism   |       |     2 |    16 |    42 ||    60
       Freezing Cloud    |       |       |     1 |    17 ||    18
       Olgreb's Toxic Ra |       |       |       |    13 ||    13
       Ignite Poison     |       |       |       |     7 ||     7
  Use: Scroll            |       |       |       |    10 ||    10
       Potion            |       |       |       |     4 ||     4
Armor: Robe              |     4 |       |       |       ||     4
       Troll leather arm |     3 |    15 |    62 |    71 ||   151
       Skin              |       |       |       |     1 ||     1
Dodge: Dodged            |    20 |    23 |   155 |   135 ||   333
Block: Buckler           |       |       |       |    19 ||    19

Levels and vault maps discovered:
D:1:      dpeg_arrival_lava_altar, layout_basic, shapermc_ecumenical_altar_gd
D:2:      minmay_diamond_boxcup, layout_basic, serial_rivers,
          chequers_serial_rivers_small_a, chequers_serial_rivers_micro_c,
          chequers_serial_rivers_micro_c, chequers_serial_rivers_micro_a,
          chequers_serial_rivers_small_3, chequers_serial_rivers_micro_b,
          guppyfry_early_lair_pool
D:3:      corexii_shack_village, layout_loops_corners, chequers_mini_garden
D:4:      layout_basic, nicolae_elyvilon_temple_path, minmay_temple_entry_glass,
          uniq_crazy_yiuf_cottage
D:5:      old_forge, layout_rooms, uniq_ijyb
D:6:      kennysheep_spiral_hall, layout_loops_ring,
          nicolae_overflow_crystal_walls, uniq_maggie
D:7:      layout_layer_cave, minitemple, uniq_menkaure
D:8:      lemuel_slime, layout_rooms, serial_shops, nicolae_shop_waterfront,
          nicolae_benzene_ring
D:9:      layout_long_grid, kennysheep_mini_moat,
          nicolae_concentric_dashed_squares_mild
D:10:     cheibrodos_fzero, layout_gridville, david_lair_generic, orc_0_dummy
D:11:     layout_loops_ring
Lair:1:   layout_roguey [special_room_bee], hellmonk_ghost_happy_afterlife,
          gauntlet_entry_generic, basic_altar, dpeg_stationary_puzzle,
          infiniplex_staircase_pool, uniq_gastronok, uniq_amaemon
Gauntlet: gammafunk_gauntlet_77_escape_option
          [minmay_gauntlet_arena_77_broken_ladder,
          minmay_gauntlet_arena_77_checkered, minmay_gauntlet_arena_77_box,
          minmay_gauntlet_arena_77_tiled_triplets,
          minmay_gauntlet_arena_77_chump_sandwich,
          dreamdust_gauntlet_exit_labyrinth]

Notes
Turn   | Place    | Note
-------+----------+-------------------------------------------
     0 | D:1      | Jackthecabe the Demigod Conjurer began the quest for the
                  | Orb.
     0 | D:1      | Reached XP level 1. HP: 14/14 MP: 5/5
   280 | D:1      | Reached skill level 2 in Spellcasting
   605 | D:1      | Reached XP level 2. HP: 20/20 MP: 4/7
   763 | D:2      | Reached skill level 4 in Conjurations
   768 | D:1      | Learned a level 2 spell: Searing Ray
  1005 | D:2      | Reached XP level 3. HP: 26/26 MP: 5/9
  1048 | D:2      | Found the +4 moon troll leather armour {Spirit, Regen++
                  | MP+5}
  1060 | D:2      | Identified the +2 leather armour "Mausonel" {rElec rC++}
  1307 | D:2      | Reached XP level 4. HP: 33/33 MP: 1/11
  1463 | D:2      | Reached skill level 3 in Spellcasting
  2646 | D:3      | Reached skill level 5 in Conjurations
  2898 | D:3      | Identified the +4 whip "Vaghutid" {vorpal, *Corrode rElec
                  | rF+}
  3293 | D:4      | Reached XP level 5. HP: 38/38 MP: 12/12
  3439 | D:4      | Noticed an ice beast
  3452 | D:4      | Killed an ice beast
  3453 | D:4      | Reached skill level 6 in Conjurations
  3453 | D:4      | Reached skill level 1 in Hexes
  3458 | D:4      | Learned a level 4 spell: Fulminant Prism
  3892 | D:4      | Reached skill level 2 in Hexes
  3892 | D:4      | Reached XP level 6. HP: 45/45 MP: 12/13
  4090 | D:4      | Found a staircase to the Ecumenical Temple.
  4124 | D:4      | Reached skill level 3 in Hexes
  4567 | D:4      | Found a runed translucent door.
  4568 | D:4      | Noticed Crazy Yiuf
  4610 | D:5      | Entered Level 5 of the Dungeon
  4620 | D:5      | Reached skill level 4 in Hexes
  4699 | D:5      | Noticed Ijyb
  4707 | D:5      | Killed Ijyb
  4708 | D:5      | Reached XP level 7. HP: 50/50 MP: 4/14
  5035 | D:5      | Reached skill level 5 in Hexes
  5412 | D:5      | Reached skill level 6 in Hexes
  5426 | D:5      | Learned a level 5 spell: Freezing Cloud
  5502 | D:5      | Found the +7 Singing Sword {vorpal, sonic wave}
  5797 | D:6      | Noticed a yak
  5797 | D:6      | Noticed a yak
  5797 | D:6      | Noticed a yak
  5797 | D:6      | Noticed a yak
  5800 | D:6      | Noticed a yak
  5802 | D:6      | Killed a yak
  5803 | D:6      | Reached skill level 1 in Ice Magic
  5803 | D:6      | Reached skill level 1 in Air Magic
  5803 | D:6      | Reached XP level 8. HP: 57/57 MP: 6/15
  5804 | D:6      | Reached skill level 7 in Conjurations
  5804 | D:6      | Reached skill level 2 in Ice Magic
  5804 | D:6      | Reached skill level 2 in Air Magic
  5807 | D:6      | Reached skill level 3 in Ice Magic
  5815 | D:6      | Reached skill level 3 in Air Magic
  6380 | D:6      | Reached skill level 4 in Ice Magic
  6505 | D:6      | Reached skill level 4 in Air Magic
  6640 | D:6      | Noticed Maggie
  6650 | D:6      | Killed Maggie
  6651 | D:6      | Reached XP level 9. HP: 62/62 MP: 7/16
  6831 | D:6      | Reached skill level 5 in Ice Magic
  7035 | D:6      | Reached skill level 5 in Air Magic
  7837 | D:7      | Reached skill level 6 in Ice Magic
  8056 | D:6      | Reached skill level 6 in Air Magic
  9390 | D:7      | Noticed Menkaure
  9394 | D:7      | Killed Menkaure
  9619 | D:8      | Reached skill level 7 in Ice Magic
  9711 | D:8      | Identified the +1 buckler "Methuvet" {Rampage +Blink rN+
                  | rCorr}
  9831 | D:8      | Reached skill level 7 in Air Magic
  9831 | D:8      | Reached skill level 2 in Stealth
  9859 | D:8      | Identified the ring "Tocwe Viebu" {rF- rC+ rN+ Dex+9}
 10086 | D:8      | Found Affawene's Distillery.
 10123 | D:8      | Bought a potion of curing for 42 gold pieces
 10123 | D:8      | Bought a potion of might for 56 gold pieces
 10123 | D:8      | Bought a potion of degeneration for 14 gold pieces
 10148 | D:8      | Reached skill level 3 in Stealth
 10428 | D:8      | Noticed an oklob plant
 10437 | D:8      | Killed an oklob plant
 10438 | D:8      | Reached skill level 4 in Stealth
 10438 | D:8      | Reached XP level 10. HP: 65/69 MP: 10/17
 10632 | D:9      | Reached skill level 1 in Shields
 10636 | D:9      | Reached skill level 3 in Shields
 10709 | D:9      | Reached skill level 4 in Shields
 10715 | D:8      | Reached skill level 5 in Shields
 10719 | D:8      | Learned a level 3 spell: Ignite Poison
 11448 | D:9      | Identified the +1 chain mail of Fashionability {rElec
                  | Dex+3}
 11895 | D:10     | Entered Level 10 of the Dungeon
 11895 | D:10     | Noticed an elephant
 11895 | D:10     | Noticed a death yak
 11895 | D:10     | Found a staircase to the Lair.
 11902 | D:10     | Killed a death yak
 11903 | D:10     | HP: 2/69 [cloud of freezing vapour (15)]
 12354 | D:10     | Reached XP level 11. HP: 74/74 MP: 16/19
 12516 | D:10     | Noticed a two-headed ogre
 12532 | D:10     | Killed a two-headed ogre
 12533 | D:10     | Reached skill level 8 in Conjurations
 12533 | D:10     | Reached skill level 8 in Ice Magic
 12533 | D:10     | Reached skill level 8 in Air Magic
 12533 | D:10     | Reached skill level 1 in Poison Magic
 12673 | D:10     | Found a staircase to the Orcish Mines.
 12681 | D:10     | Noticed a two-headed ogre
 12689 | D:10     | Reached skill level 2 in Poison Magic
 12689 | D:10     | Noticed a centaur warrior
 12885 | D:10     | Killed a centaur warrior
 12947 | D:10     | Reached skill level 3 in Poison Magic
 13022 | D:10     | Noticed a two-headed ogre
 13029 | D:10     | Killed a two-headed ogre
 13030 | D:10     | Reached skill level 4 in Spellcasting
 13153 | D:10     | Reached skill level 4 in Poison Magic
 13666 | D:10     | Reached skill level 5 in Poison Magic
 13767 | D:10     | Killed a two-headed ogre
 14051 | D:10     | Reached skill level 5 in Spellcasting
 14179 | D:10     | Learned a level 4 spell: Olgreb's Toxic Radiance
 14361 | D:11     | Reached skill level 6 in Poison Magic
 14411 | D:11     | Reached skill level 1 in Fire Magic
 15131 | Lair:1   | Entered Level 1 of the Lair of Beasts
 15188 | Lair:1   | Noticed Gastronok
 15197 | Lair:1   | Noticed Rijiq's ghost (journeyman GrEE)
 15197 | Lair:1   | Killed Gastronok
 15198 | Lair:1   | Reached skill level 2 in Fire Magic
 15329 | Lair:1   | Found a runed translucent door.
 15333 | Lair:1   | Reached skill level 7 in Poison Magic
 15470 | Lair:1   | Found a gate leading to a gauntlet.
 15478 | Gauntlet | Entered a Gauntlet
 15478 | Gauntlet | Found a transporter.
 15501 | Gauntlet | Found a transporter.
 15504 | Gauntlet | Found a transporter.
 15505 | Gauntlet | Found a transporter.
 15514 | Gauntlet | Found a transporter.
 15516 | Gauntlet | Found a transporter.
 15517 | Gauntlet | Found a transporter.
 15526 | Gauntlet | Found a transporter.
 15528 | Gauntlet | Found a transporter.
 15529 | Gauntlet | Found a transporter.
 15537 | Gauntlet | Found a transporter.
 15540 | Gauntlet | Found a transporter.
 15541 | Gauntlet | Found a transporter.
 15544 | Gauntlet | an elephant changed into a deep troll
 15544 | Gauntlet | Noticed a deep troll (glowing shapeshifter)
 15548 | Gauntlet | a deep troll changed into a floating eye
 15550 | Gauntlet | Noticed a death scarab
 15550 | Gauntlet | Noticed a death scarab
 15551 | Gauntlet | a cyclops changed into a lindwurm
 15551 | Gauntlet | Noticed a lindwurm (glowing shapeshifter)
 15552 | Gauntlet | Found a transporter.
 15765 | Gauntlet | Reached skill level 3 in Fire Magic
 15766 | Gauntlet | Reached XP level 12. HP: 46/81 MP: 3/23
 16301 | Gauntlet | Reached skill level 4 in Fire Magic
 16301 | Gauntlet | Reached skill level 8 in Poison Magic
 16482 | Gauntlet | HP: 9/121 [death scarab (12)]
 16482 | Gauntlet | Mangled by a death scarab

Vanquished Creatures
  Gastronok (Lair:1)
  3 two-headed ogres (D:10)
  A centaur warrior (D:10)
  A death yak (D:10)
  An oklob plant (D:8)
  A cyclops (D:10)
  A cyclops (shapeshifter) (Gauntlet)
  An elephant (D:10)
  A torpor snail (shapeshifter) (Gauntlet)
  An orange demon (Lair:1)
  Maggie (D:6)
  2 unseen horrors
  A komodo dragon (D:11)
  A tengu conjurer (D:10)
  A queen bee (Lair:1)
  2 hornets
  A wolf spider simulacrum (Gauntlet)
  A tarantella (shapeshifter) (Gauntlet)
  3 centaur simulacra (Gauntlet)
  6 shadows
  A ynoxinul (Gauntlet)
  A vampire (D:7)
  30 yaks
  2 basilisks (D:10)
  2 steam dragons
  Menkaure (D:7)
  An acid dragon (D:9)
  3 water moccasins
  2 ice beasts
  A sky beast (D:8)
  5 orc warriors
  7 centaurs
  An ogre (D:4)
  A phantom (D:5)
  2 kobold brigands
  4 bullfrogs
  9 scorpions
  3 necrophages
  16 killer bees
  2 electric eels (Lair:1)
  3 howler monkeys
  A howler monkey (shapeshifter) (Gauntlet)
  A wyvern simulacrum (Gauntlet)
  2 hounds
  5 jellies
  5 orc priests
  2 iron imps (Gauntlet)
  Ijyb (D:5)
  2 iguanas
  10 orc wizards
  8 gnolls
  11 adders
  2 shadow imps (D:6)
  2 white imps
  3 ufetubi
  A worm (D:2)
  3 dart slugs
  34 orcs
  12 bats
  25 endoplasms
  2 giant cockroaches (D:3)
  4 goblins
  7 hobgoblins
  4 quokkas
  8 ball pythons
  3 frilled lizards
  16 kobolds
  6 rats
308 creatures vanquished.

Vanquished Creatures (others)
  60 fulminant prisms
  27 fungi
  14 plants
101 creatures vanquished.

Grand Total: 409 creatures vanquished

Table legend: (Time is in decaauts)
 A = Elapsed time spent in this place.
 B = Non-inter-level travel time spent in this place.
 C = Inter-level travel time spent in this place.
 D = Time resting spent in this place.
 E = Time spent auto-exploring this place.
 F = Levels seen in this place.
 G = Mean time per level.
                   A        B        C        D        E       F      G
               +--------+--------+--------+--------+--------+-----+--------+
         Total |  16549 |  16213 |    336 |   2917 |  10878 |  13 | 1273.0 |
       Dungeon |  15166 |  14830 |    336 |   2230 |  10595 |  11 | 1378.7 |
          Lair |    378 |    378 |      0 |    134 |     38 |   1 |  378.0 |
      Gauntlet |   1004 |   1004 |      0 |    553 |    245 |   1 | 1004.0 |
               +--------+--------+--------+--------+--------+-----+--------+

Top non-repeatable levels by time:
     D:6: 2419 daAuts
    D:10: 1791 daAuts
     D:9: 1668 daAuts
     D:4: 1538 daAuts
     D:7: 1458 daAuts
     D:2: 1323 daAuts
     D:3: 1176 daAuts
     D:8: 1133 daAuts
Gauntlet: 1004 daAuts
     D:5: 961 daAuts
    D:11: 909 daAuts
     D:1: 785 daAuts
  Lair:1: 378 daAuts

Table legend:
 A = Non-vault XP
 B = Vault XP
 C = Vault XP percentage of total XP
 D = Non-vault monster count
 E = Vault monster count
 F = Vault count percentage of total count
                 A         B        C        D         E       F
            +---------+---------+-------+---------+---------+-------
      Total |   13666 |   15036 |  52.4 |     204 |     104 |  33.8
            +---------+---------+-------+---------+---------+-------
        D:1 |      15 |       0 |   0.0 |      11 |       0 |   0.0
        D:2 |     111 |      12 |   9.8 |      20 |       6 |  23.1
        D:3 |      44 |      24 |  35.3 |      16 |      11 |  40.7
        D:4 |     546 |       0 |   0.0 |      23 |       0 |   0.0
        D:5 |     303 |     480 |  61.3 |       9 |      13 |  59.1
        D:6 |    2201 |     720 |  24.6 |      36 |       5 |  12.2
        D:7 |    1130 |     172 |  13.2 |      16 |       1 |   5.9
        D:8 |    1230 |     774 |  38.6 |      14 |      20 |  58.8
        D:9 |    3726 |       0 |   0.0 |      25 |       0 |   0.0
       D:10 |    2996 |    6247 |  67.6 |      17 |      17 |  50.0
       D:11 |    1364 |       0 |   0.0 |      17 |       0 |   0.0
     Lair:1 |       0 |    2959 | 100.0 |       0 |      14 | 100.0
   Gauntlet |       0 |    3648 | 100.0 |       0 |      17 | 100.0
            +---------+---------+-------+---------+---------+-------
